 Dungeon Crawl Stone Soup version 0.26-a0-812-g31a745ddcd (webtiles) character file.

Game seed: 3907314935517775179

14 sanka the Insei (level 2, 0/17 HPs)
             Began as a Vampire Warper on Nov 22, 2020.
             Slain by an adder (4 damage)
             ... on level 2 of the Dungeon.
             The game lasted 00:01:36 (478 turns).

sanka the Insei (Vampire Warper)                     Turns: 478, Time: 00:01:37

Health: 0/17       AC:  3    Str: 10    XL:     2   Next: 31%
Magic:  5/5        EV: 12    Int: 15    God:
Gold:   32         SH:  0    Dex: 13    Spells: 5/5 levels left

rFire    . . .     SeeInvis +     - Unarmed
rCold    + + .     Faith    .   (no shield)
rNeg     + + +     Spirit   .   a - +0 leather armour
rPois    ∞         Reflect  .   (no helmet)
rElec    .         Harm     .   (no cloak)
rCorr    .         Rampage  .   (no gloves)
MR       .....                  (no boots)
Stlth    +++.......             (no amulet)
HPRegen  0.00/turn              (no ring)
MPRegen  0.09/turn              (no ring)

@: bloodless
A: fangs 3, see invisible, unbreathing
a: Revivify


You were on level 2 of the Dungeon.
You visited 1 branch of the dungeon, and saw 2 of its levels.

You collected 32 gold pieces.


Innate Abilities, Weirdness & Mutations

You do not regenerate when monsters are visible.
You are frail without blood (-20% HP).
You can heal yourself when you bite living creatures.
You are immune to poison.
You have razor-sharp teeth.
You have supernaturally acute eyesight. (SInv)
You can survive without breathing.


   Skills:
 - Level 2.0 Fighting
 - Level 0.7 Throwing
 - Level 0.7 Armour
 - Level 2.1 Dodging
 + Level 3.2 Unarmed Combat
 - Level 2.0 Spellcasting
   Level 2.4 Translocations


You had 5 spell levels left.
You didn't know any spells.
Your spell library contained the following spells:

 Spells                   Type           Power        Failure   Level
 Blink                    Tloc           N/A          17%         2
 Gell's Gravitas          Tloc           #.........   34%         3
 Lesser Beckoning         Tloc           #.........   34%         3
 Teleport Other           Tloc           #.......     34%         3
 Passage of Golubria      Tloc           N/A          75%         4

Inventory:

Missiles
 d - 5 boomerangs of dispersal {=f}
Armour
 a - a +0 leather armour (worn)
Scrolls
 c - a scroll of blinking
 e - a scroll of fog {unknown}
Potions
 b - a potion of brilliance {unknown}
 f - a potion of heal wounds {unknown}

Dungeon Overview and Level Annotations

Branches:
Dungeon (2/15)

Altars:

..... ▒.▒.........▒
▒▒▒▒▒..▒▒.▒.▒....▒.▒▒
.........>▒.▒....▒.▒
▒▒▒▒...▒▒▒.▒▒.▒.▒.▒
.▒▒▒▒...▒ ▒.▒▒.▒.▒.▒
........▒ ▒.▒▒.▒.▒.▒
..▒▒▒...▒ ▒.▒▒.▒.▒..
▒.▒.▒ ▒....▒.▒▒▒
▒.▒V▒ ▒▒▒▒▒▒
▒..S.......
▒▒▒.▒...... ......▒▒▒
▒.▒ ▒.▒ ... .▒ ... ▒
...


You could see an adder.


Message History

The adder bites you. The adder bites you but does no damage.
You barely miss the adder.
The adder is moderately wounded.
The adder barely misses you.
You closely miss the adder.
The adder is moderately wounded.
The adder bites you but does no damage.
You hit the adder. Your bite misses the adder.
The adder is moderately wounded.
The adder bites you.
* * * LOW HITPOINT WARNING * * *
The adder barely misses you.
You barely miss the adder. Your bite misses the adder.
The adder is moderately wounded.
The adder bites you.
* * * LOW HITPOINT WARNING * * *
You completely miss the adder.
The adder is moderately wounded.
The adder bites you.
* * * LOW HITPOINT WARNING * * *
You hit the adder but do no damage.
The adder is moderately wounded.
The adder closely misses you.
You barely miss the adder.
The adder is moderately wounded.
The adder bites you.
You die...

Action                   || total
-------------------------++-------
Melee: Unarmed           ||    68
       Bite              ||     6
 Abil: Exsanguinate      ||     1
 Stab: Sleeping          ||     2
Armor: Leather armour    ||    15
Dodge: Dodged            ||    45

Levels and vault maps discovered:
D:1:      scummos_arrival_forest, layout_basic
D:2:      layout_basic, chequers_ecumenical_altar_lobes, uniq_jessica

Notes
Turn   | Place    | Note
-------+----------+-------------------------------------------
     0 | D:1      | sanka the Vampire Warper began the quest for the Orb.
     0 | D:1      | Reached XP level 1. HP: 16/16 MP: 3/3
   112 | D:1      | Reached skill level 2 in Fighting
   224 | D:1      | Reached XP level 2. HP: 21/22 MP: 5/5
   236 | D:1      | Reached skill level 3 in Unarmed Combat
   478 | D:2      | Slain by an adder

Vanquished Creatures
  A dart slug (D:1)
  A leopard gecko (D:1)
  A ball python (D:1)
  2 bats
  2 hobgoblins (D:1)
  2 frilled lizards
  2 rats (D:1)
11 creatures vanquished.
